 Dungeon Crawl Stone Soup version 0.29-a0-322-g68df515428 (webtiles) character file.

Game seed: 1444406391515167000

332 zishaf the Gusty (level 6, -6/37 HPs)
             Began as a Tengu Air Elementalist on Apr 5, 2022.
             Was an Initiate of Vehumet.
             Mangled by Duvessa
             ... wielding a +1 antimagic short sword
              (15 damage)
             ... on level 4 of the Dungeon.
             The game lasted 00:08:18 (4537 turns).

zishaf the Gusty (Tengu Air Elementalist)           Turns: 4537, Time: 00:08:19

Health: -6/37      AC:  3    Str:  9    XL:     6   Next: 52%
Magic:  0/11       EV: 14    Int: 17    God:    Vehumet [......]
Gold:   302        SH:  0    Dex: 14    Spells: 0/10 levels left

rFire   . . .      SeeInvis .   (no weapon)
rCold   . . .      Faith    .   (no shield)
rNeg    . . .      Spirit   .   a - +0 robe
rPois   .          Reflect  .   (helmet restricted)
rElec   .          Harm     .   (no cloak)
rCorr   +          Rampage  .   m - +0 pair of gloves
Will    .....                   (boots unavailable)
Stlth   ++........              (no amulet)
HPRegen 0.12/turn               f - ring of resist corrosion
MPRegen 0.12/turn               (no ring)

@: flying quickly and evasively, very slightly contaminated, quick
A: beak, talons 3, nimble flight
a: Renounce Religion


You were on level 4 of the Dungeon.
You worshipped Vehumet.
Vehumet was noncommittal.
You visited 2 branches of the dungeon, and saw 5 of its levels.

You collected 302 gold pieces.

Inventory:

Missiles
 r - 4 throwing nets
Armour
 a - a +0 robe (worn)
 m - a +0 pair of gloves (worn)
Jewellery
 f - a ring of resist corrosion (left hand)
Scrolls
 c - a scroll of enchant weapon {unknown}
 d - 10 scrolls of identify {unknown}
 e - a scroll of fog {unknown}
 g - a scroll of silence {unknown}
 j - a scroll of brand weapon {unknown}
 k - 2 scrolls of teleportation {unknown}
 l - 2 scrolls of noise {unknown}
 p - a scroll of acquirement {unknown}
Potions
 b - 4 potions of magic
 h - 3 potions of heal wounds
 i - 4 potions of curing {unknown}
 n - 2 potions of mutation {unknown}
 o - a potion of flight {unknown}
 q - a potion of degeneration {unknown}
 s - a potion of attraction {unknown}


   Skills:
 + Level 3.2 Fighting
 - Level 2.1 Dodging
 - Level 2.0 Stealth
 + Level 2.9 Spellcasting
 - Level 4.0 Conjurations
 + Level 6.3 Air Magic


You couldn't memorise any spells.
You knew the following spells:

 Your Spells              Type           Power      Damage    Failure   Level
a - Shock                 Conj/Air       80%        1d8       2%          1
b - Static Discharge      Conj/Air       20%        N/A       3%          2
c - Swiftness             Air            24%        N/A       4%          3
d - Airstrike             Air            12%        N/A       13%         4

Your spell library contained the following spells:

 Spells                   Type           Power      Damage    Failure   Level


Dungeon Overview and Level Annotations

Branches:
Dungeon (4/15)             Temple (1/1) D:4

Altars:
Ashenzari
Makhleb
Trog
Uskayaw
Vehumet
Wu Jian
Xom
Zin
The Shining One

Shops:
D:3 =

Annotations:
D:4 Dowan, Duvessa


Innate Abilities, Weirdness & Mutations

You have a beak for a mouth.
You have claws for feet.
Your magical nature lets you fly swiftly and evasively.


Message History

Confirm with . or Enter, or press ? or * to list all spells.
Aiming: Shock (safe; 2% risk of failure)
Press: ? - help, Shift-Dir - straight line, f - Dowan, p - Duvessa
Aim: Dowan, wielding a +0 dagger and wearing a +0 robe (60% to hit)
The zap hits Duvessa.
Duvessa is moderately wounded.
The zap hits Dowan!
Dowan is moderately wounded.
Casting: Shock (safe; 2% risk of failure)
Confirm with . or Enter, or press ? or * to list all spells.
Aiming: Shock (safe; 2% risk of failure)
Press: ? - help, Shift-Dir - straight line, f/p - Dowan
Aim: Dowan, wielding a +0 dagger and wearing a +0 robe (moderately wounded, 60% to hit)
The zap hits Duvessa!
Duvessa is heavily wounded.
The zap hits Dowan.
Dowan is moderately wounded.
Duvessa drinks a potion.
Duvessa goes berserk!
Dowan gestures wildly while chanting.
Dowan blinks!
Casting: Shock (safe; 2% risk of failure)
Confirm with . or Enter, or press ? or * to list all spells.
You miscast Static Discharge.
You are very lightly contaminated with residual magic.
Nothing appears to happen.
Duvessa hits you with a +1 antimagic short sword!
You feel your power leaking away.
Casting: Static Discharge (safe; 3% risk of failure)
Confirm with . or Enter, or press ? or * to list all spells.
Duvessa is struck by an arc of lightning!
Duvessa is severely wounded.
You are struck by an arc of lightning.
The lightning grounds out.
Duvessa hits you with a +1 antimagic short sword!
* * * LOW HITPOINT WARNING * * *
You feel your power leaking away. Duvessa closely misses you.
You hit Duvessa but do no damage.
Duvessa is severely wounded.
Duvessa hits you with a +1 antimagic short sword!
You die...

.##.#.#.##.###.##......######## #
....#................### #...###
.##.#.#.#.##.#.##..### #.....#
.##...#........##.## #......
.##.#......#.#....# #......
....#.#......#.##.# #......
.##........#...##.# #......
.##.#.##.#.#.#e##.### ##.....
...........e.#.e@...### #.....
.##.###.##.#.#.##.....### ##.....
...............##..##...###.....)
.####.###.##.#.##..####......##..
.####.###.##.#.##..# ###...####.
...................# ##..# ##
###...............## ##.#
##########..##### ### ####


You could see Duvessa (berserk) and Dowan.

Vanquished Creatures
  A necrophage (D:3)
  A hound (D:4)
  Terence (D:3)
  An orc wizard (D:4)
  5 gnolls
  4 adders
  An ufetubus (D:4)
  A dart slug (D:2)
  5 orcs
  11 ball pythons
  8 bats
  8 endoplasms
  5 giant cockroaches
  8 hobgoblins
  4 jackals (D:2)
  8 kobolds
  3 quokkas
  4 frilled lizards (D:1)
  10 goblins
  2 rats
91 creatures vanquished.

Vanquished Creatures (others)
  4 plants (D:4)
4 creatures vanquished.

Grand Total: 95 creatures vanquished

Notes
Turn   | Place    | Note
-------+----------+-------------------------------------------
     0 | D:1      | zishaf the Tengu Air Elementalist began the quest for the
                  | Orb.
     0 | D:1      | Reached XP level 1. HP: 10/10 MP: 4/4
   296 | D:1      | Reached XP level 2. HP: 16/16 MP: 3/6
   340 | D:1      | Learned a level 2 spell: Static Discharge
   423 | D:1      | Reached skill level 1 in Fighting
   519 | D:1      | Reached XP level 3. HP: 20/20 MP: 2/7
   523 | D:1      | Learned a level 3 spell: Swiftness
  1902 | D:2      | Reached XP level 4. HP: 26/26 MP: 5/8
  1972 | D:2      | Reached skill level 5 in Air Magic
  2669 | D:3      | Noticed a necrophage
  2678 | D:3      | Killed a necrophage
  2679 | D:3      | Gained mutation: Your magical nature lets you fly swiftly
                  | and evasively. [Tengu growth]
  2679 | D:3      | Reached XP level 5. HP: 31/31 MP: 1/9
  2833 | D:3      | Found Buaphuma's Jewellery Shop.
  2954 | D:3      | Found a faded altar of an unknown god.
  2956 | D:3      | Noticed Terence
  2970 | D:3      | Killed Terence
  3603 | D:4      | Reached XP level 6. HP: 36/36 MP: 1/10
  3604 | D:4      | Reached skill level 6 in Air Magic
  3924 | D:4      | Learned a level 4 spell: Airstrike
  4144 | D:4      | Found a staircase to the Ecumenical Temple.
  4162 | Temple   | Entered the Ecumenical Temple
  4224 | Temple   | Became a worshipper of Vehumet
  4516 | D:4      | Noticed Duvessa
  4517 | D:4      | Noticed Dowan
  4537 | D:4      | Mangled by Duvessa

Illustrated notes

Levels and vault maps discovered:
D:1:      eino_arrival_tree_alley, layout_basic, minmay_tall_x
D:2:      layout_basic, kennysheep_generic_room_11
D:3:      layout_rooms, serial_shops, shop_coins,
          chequers_ecumenical_altar_simple_redux, serial_aquarium,
          aquarium_bridge_square [aquarium_subvault_wall,
          aquarium_subvault_bridge, aquarium_subvault_bridge,
          aquarium_subvault_bridge], aquarium_bridge_long_joined
          [aquarium_subvault_wall, aquarium_subvault_bridge,
          aquarium_subvault_window, aquarium_subvault_wall,
          aquarium_subvault_bridge, aquarium_subvault_bridge],
          aquarium_window_fake, aquarium_window_corner, aquarium_window_1,
          aquarium_view_2e, aquarium_view_2e, aquarium_balcony_5a,
          aquarium_pool_side, uniq_terence
D:4:      layout_cave_pods, minmay_temple_entry_overgrown, serial_bayou_pond_d,
          minmay_diced_spiral, uniq_duvessa
Temple:   minmay_crystal_spiral_temple

Skill      XL: |  1  2  3  4  5  6 |
---------------+-------------------+-----
Conjurations   | 2 3 4 |  4.0
Fighting       | 1 2 3 |  3.2
Air Magic      | 5 6 |  6.3
Dodging        | |  2.1
Stealth        | |  2.0
Spellcasting   | |  2.9

Action                   |  1- 3 |  4- 6 || total
-------------------------+-------+-------++-------
Melee: Unarmed           |       |     5 ||     5
       Kick              |       |     2 ||     2
       Peck              |       |     1 ||     1
 Cast: Shock             |    82 |   138 ||   220
       Static Discharge  |       |     4 ||     4
Armor: Robe              |       |     1 ||     1
Dodge: Dodged            |     4 |    24 ||    28

Table legend: (Time is in decaauts)
 A = Elapsed time spent in this place.
 B = Non-inter-level travel time spent in this place.
 C = Inter-level travel time spent in this place.
 D = Time resting spent in this place.
 E = Time spent auto-exploring this place.
 F = Levels seen in this place.
 G = Mean time per level.
                   A        B        C        D        E       F      G
               +--------+--------+--------+--------+--------+-----+--------+
         Total |   4454 |   4380 |     74 |    389 |   3483 |   5 |  890.8 |
       Dungeon |   4359 |   4323 |     36 |    389 |   3437 |   4 | 1089.8 |
        Temple |     94 |     57 |     37 |      0 |     46 |   1 |   94.0 |
               +--------+--------+--------+--------+--------+-----+--------+

Top non-repeatable levels by time:
     D:1: 1592 daAuts
     D:3: 1251 daAuts
     D:2: 972 daAuts
     D:4: 542 daAuts
  Temple: 94 daAuts
